 Dungeon Crawl Stone Soup version 0.21.0-22-g11d5b52 (webtiles) character file.

223 tsouns the Poker (level 6, -7/47 HPs)
             Began as a Merfolk Gladiator on Jan 18, 2018.
             Was an Initiate of Ru.
             Killed by nerve-wracking pain
             ... invoked by an orc priest
              (9 damage)
             ... on level 3 of the Dungeon.
             The game lasted 00:09:02 (3045 turns).

tsouns the Poker (Merfolk Gladiator)                Turns: 3045, Time: 00:09:02

Health: -7/47      AC:  4    Str: 17    XL:     6   Next: 0%
Magic:  12/15      EV: 14    Int:  7    God:    Ru [......]
Gold:   116        SH:  0    Dex: 15    Spells: 5/5 levels left

rFire    . . .     SeeInvis .   a - +0 trident
rCold    . . .     Gourm    .   (no shield)
rNeg     . . .     Faith    .   b - +0 leather armour
rPois    .         Spirit   .   e - +1 hat
rElec    .         Reflect  .   (no cloak)
rCorr    .         Harm     .   (no gloves)
MR       .....                  (no boots)
Stlth    ++........             (no amulet)
HPRegen  0.15/turn              r - ring of magical power
MPRegen  0.14/turn              (no ring)

@: no status effects
A: change form in water, swift swim, stealthy swim
a: Renounce Religion


You were on level 3 of the Dungeon.
You worshipped Ru.
Ru was noncommittal.
You were not hungry.

You visited 1 branch of the dungeon, and saw 3 of its levels.

You collected 116 gold pieces.

Inventory:

Hand Weapons
 a - a +0 trident (weapon)
Missiles
 d - a throwing net (quivered)
 k - 7 javelins of returning
Armour
 b - a +0 leather armour (worn)
 c - a +0 helmet
 e - a +1 hat (worn)
 i - a +0 buckler
Jewellery
 r - a ring of magical power (left hand)
Wands
 l - a wand of polymorph (5)
Scrolls
 g - a scroll of fear {unknown}
 n - 3 scrolls of remove curse {unknown}
 o - a scroll of teleportation {unknown}
 p - a scroll of immolation {unknown}
 q - 2 scrolls of enchant armour {unknown}
 s - 4 scrolls of identify {unknown}
 t - a scroll of magic mapping {unknown}
Potions
 h - 2 potions of heal wounds {unknown}
 j - a potion of ambrosia {unknown}
 m - a potion of might {unknown}
 u - 3 potions of curing {unknown}
 v - 2 potions of flight {unknown}
Books
 w - a book of Flames

   Spells                             Type                      Level
   a - Flame Tongue                   Conjuration/Fire             1
   b - Throw Flame                    Conjuration/Fire             2
   c - Conjure Flame                  Conjuration/Fire             3
   d - Inner Flame                    Hexes/Fire                   3
   e - Sticky Flame                   Conjuration/Fire             4
   f - Fireball                       Conjuration/Fire             5
Comestibles
 f - 6 rations
 x - 6 chunks of flesh


   Skills:
 + Level 3.1 Fighting
 + Level 7.1 Polearms
 + Level 2.2 Throwing
 + Level 1.2 Armour
 + Level 5.0 Dodging
 + Level 1.2 Stealth


You had 5 spell levels left.
You didn't know any spells.

Dungeon Overview and Level Annotations

Branches:
Dungeon (3/15)

Altars:
Ru


Message History

The orc priest is severely wounded.
The orc priest barely misses you.
You hit the orc priest but do no damage.
The orc priest is severely wounded.
The orc priest looks satisfied for a moment.
You closely miss the orc priest.
The orc priest is severely wounded.
The orc priest barely misses you.
You closely miss the orc priest.
The orc priest is severely wounded.
The orc priest hits you with a hand axe!
* * * LOW HITPOINT WARNING * * *
Throwing (i - inventory. (,) - cycle):
d - 2 throwing nets (quivered)
Press: ? - help, Shift-Dir - straight line, f/p - orc priest
Aim: an orc priest, wielding a hand axe and wearing a scale mail (severely wounded)
You throw a throwing net.
The throwing net barely misses the orc priest.
The orc priest invokes the aid of Beogh against you.
Pain shoots through your body!
You die...

.........#####.#### #.#
#..###. .........#####.###
#.# #..###.
..........(......# #####
#...... .................#
#.# #.####.
....####.........# #.# #.#
#. ....# #.........# #.#
#.####. ##### #.........#
#.######...... #....(..o.#
#.............
#........@###.###########.
#...........).# #.
#.............# #.
#.........##### #.
#######.### #. #.# #. #.#
#. #.#################.
#...................


You could see an orc priest.

Vanquished Creatures
  A hound (D:3)
  An orc priest (D:3)
  An orc wizard (D:3)
  An adder (D:3)
  4 gnolls (D:2)
  An adder zombie (D:1)
  3 worms
  A dart slug (D:2)
  4 leopard geckos
  5 orcs (D:3)
  11 bats
  4 giant cockroaches
  10 goblins
  7 hobgoblins
  2 jackals (D:1)
  7 kobolds
  2 quokkas (D:2)
  2 ball pythons (D:1)
  4 frilled lizards
  A jackal zombie (D:1)
  3 rats
75 creatures vanquished.

Notes
Turn   | Place    | Note
-------+----------+-------------------------------------------
     0 | D:1      | tsouns the Merfolk Gladiator began the quest for the Orb.
     0 | D:1      | Reached XP level 1. HP: 16/16 MP: 1/1
    86 | D:1      | Reached XP level 2. HP: 21/22 MP: 2/2
   270 | D:1      | Reached skill level 5 in Polearms
   452 | D:1      | Reached XP level 3. HP: 27/27 MP: 3/3
  1177 | D:2      | Reached XP level 4. HP: 33/34 MP: 4/4
  1320 | D:2      | Reached skill level 6 in Polearms
  1928 | D:3      | Reached XP level 5. HP: 40/40 MP: 5/5
  2006 | D:3      | Reached skill level 1 in Stealth
  2027 | D:3      | Found a sacrificial altar of Ru.
  2036 | D:3      | Became a worshipper of Ru the Awakened
  2105 | D:3      | Reached skill level 1 in Armour
  2139 | D:3      | HP: 2/40 [orc priest/divine providence (9)]
  3010 | D:3      | Reached skill level 7 in Polearms
  3010 | D:3      | Reached skill level 5 in Dodging
  3015 | D:3      | Reached XP level 6. HP: 47/47 MP: 6/6
  3044 | D:3      | HP: 2/47 [orc priest/hand axe (7)]
  3045 | D:3      | Killed from afar by an orc priest

Skill      XL: |  1  2  3  4  5 |
---------------+----------------+-----
Polearms       | 5 6 7 |  7.1
Stealth        | 1 |  1.2
Armour         | 1 |  1.2
Fighting       | 3 |  3.1
Dodging        | 5 |  5.0
Throwing       | |  2.2

Action                   |  1- 3 |  4- 6 || total
-------------------------+-------+-------++-------
Melee: Trident           |   123 |   150 ||   273
Throw: Throwing net      |     1 |     1 ||     2
       Javelin           |       |     8 ||     8
Evoke: Wand              |       |     4 ||     4
 Stab: Sleeping          |     2 |     3 ||     5
  Eat: Chunk             |       |     7 ||     7
Armor: Leather armour    |    25 |    26 ||    51
Dodge: Dodged            |    82 |    71 ||   153
